AoeStats
← san.llove108

Four Lakes

508935986Analyzed
1v1 RM · 8d ago on Sep 24, 2026· 28m 8s· 2 players
Game mode
Random Map
Map size
Tiny (2 player)
Population
200
Speed
Normal
Resources
Standard
Victory
Conquest
Starting age
Dark Age
Ending age
Imperial Age
RankedLock teamsTeams togetherTeam positionsShared explorationLock speedFull tech treeHidden civsTurbo modeCheats
Victory
Defeat
🇺🇾 Portuguese · Uruguay
861
+14
🇭🇺 Mongols · Hungary
825
-14
s31415
10:29 Feudal Age
11:00 Double-Bit Axe
15:27 Loom
19:43 Castle Age
19:06 Scale Barding Armor
19:58 Light Cavalry
21:11 Bow Saw
24:14 Horse Collar
san.llove108
4:27 Loom
11:27 Feudal Age
14:24 Horse Collar
18:26 Wheelbarrow
22:30 Castle Age
21:14 Scale Barding Armor
22:20 Forging
23:11 Bloodlines
23:10 Gold Mining
23:49 Husbandry
26:44 Chain Barding Armor
29:00 Hand Cart
Connection lost

Rejoining the realm…

Still unreachable

The connection could not be restored.

Session expired

The server has moved on; the page needs a fresh start.